Oilers vs Flames

Created - Saturday, January 31, 2015 at 22:51

Goals
1 2 3 T
Oilers 0 1 0 1
Flames 1 2 1 4
Shots
1 2 3 T
Oilers 9 11 8 28
Flames 12 14 11 37

1st period

1. Flames , Michael Frolik 8 (Jordan Staal) at 17:53 (PP)

Penalties :
Brayden Schenn (Edm) for Hooking (Minor) at 8:40, Matt Cooke (Cal) for Hooking (Minor) at 13:48, Vladimir Sobotka (Edm) for Cross-checking (Minor) at 17:45, Jordan Staal (Cal) for Interference (Minor) at 19:46

2nd period

2. Flames , Dougie Hamilton 7 (Nick Spaling, Manny Malhotra) at 0:43 (SH)
3. Oilers , Andrew Ladd 16 (Mikkel Boedker, David Desharnais) at 1:34 (PP)
4. Flames , Jordan Staal 9 (Brian Campbell, Justin Faulk) at 7:39 (PP)

Penalties :
Andrew MacDonald (Edm) for Interference (Minor) at 6:33, Alexander Semin (Edm) for High sticking (Minor) at 16:50

3rd period

5. Flames , Matt Read 10 (Barret Jackman, Jordan Staal) at 13:02

Penalties :
No Penalty

Goalie Stats

Roberto Luongo (Edm), 33 saves from 37 shots - (0.892), L, 24-4-4, 60:00 minutes
Mike Smith (Cal), 27 saves from 28 shots - (0.964), W, 16-15-8, 60:00 minutes

Players Stats for Oilers

Player Name              G  A  P  +/- PIM S  H  SB GA TA FO     MP     PP MP  PK MP  
------------------------------------------------------------------------------------
Ales Hemsky              0  0  0  -1  0   1  0  0  0  0  0/0     7:56   0:00   0:00 
Alexander Edler          0  0  0   0  0   2  1  0  0  4  0/0    10:26   0:00   2:14 
Alexander Semin          0  0  0   0  2   2  1  0  1  0  0/2    18:28   2:46   0:00 
Andrej Sekera            0  0  0  -2  0   3  1  4  0  0  0/0    25:06   2:04   2:14 
Andrew Ladd              1  0  1  -1  0   2  1  1  1  0  0/2    17:33   1:01   3:30 
Andrew MacDonald         0  0  0   0  2   2  1  1  1  1  0/0    24:38   0:00   2:58 
Brayden McNabb           0  0  0   0  0   1  1  2  0  1  0/0    13:18   0:00   0:00 
Brayden Schenn           0  0  0  -1  2   0  0  1  1  0  0/0     7:56   0:00   0:00 
Chris Stewart            0  0  0   0  0   0  0  0  0  0  0/0     0:00   0:00   0:00 
Darren Helm              0  0  0   0  0   1  2  0  1  0  0/2    16:48   0:00   1:50 
David Desharnais         0  1  1  -1  0   1  1  0  1  0  6/13   17:01   1:01   0:00 
David Schlemko           0  0  0   0  0   1  0  1  0  0  0/0    14:51   0:00   0:00 
Kimmo Timonen            0  0  0  -1  0   0  2  1  1  3  0/0    27:16   1:43   2:58 
Mikkel Boedker           0  1  1  -1  0   4  1  1  2  0  1/2    15:35   1:01   0:00 
Nick Bonino              0  0  0   0  0   0  1  0  0  0  1/3    18:52   1:43   1:42 
Nicklas Backstrom        0  0  0  -1  0   5  2  0  3  0  15/22  22:49   2:46   0:00 
Shane Doan               0  0  0   0  0   2  3  0  1  1  0/1    15:50   2:46   0:00 
Vladimir Sobotka         0  0  0  -1  2   1  3  0  1  3  7/12   20:16   2:04   3:22 

Players Stats for Flames

Player Name              G  A  P  +/- PIM S  H  SB GA TA FO     MP     PP MP  PK MP  
------------------------------------------------------------------------------------
Aleksander Barkov        0  0  0   0  0   1  0  0  2  0  6/10    9:51   0:00   0:00 
Andrew Cogliano          0  0  0   0  0   0  2  0  1  1  1/2    18:26   2:21   1:01 
Barret Jackman           0  1  1   1  0   1  1  3  0  0  0/0    16:22   0:00   1:41 
Brian Campbell           0  1  1   0  0   2  1  1  2  0  0/0    23:06   2:44   0:00 
Dougie Hamilton          1  0  1   2  0   2  0  0  0  1  0/0    16:38   0:00   2:06 
Jacob Trouba             0  0  0   0  0   7  1  1  0  2  0/0    21:35   2:28   1:41 
Jason Pominville         0  0  0   0  0   3  1  0  5  0  0/1    17:24   2:21   0:00 
Jason Spezza             0  0  0   0  0   1  1  0  1  0  6/13   17:24   2:21   0:00 
Joe Colborne             0  0  0   0  0   2  2  0  0  0  0/0     9:50   0:00   0:00 
Jordan Staal             1  2  3   1  2   5  3  0  0  0  7/14   16:00   2:51   0:00 
Justin Faulk             0  1  1   1  0   1  1  2  0  3  0/0    23:52   2:44   2:06 
Manny Malhotra           0  1  1   1  0   0  0  1  0  0  0/4    11:30   0:00   1:39 
Matt Cooke               0  0  0   0  2   2  1  0  0  0  0/1    13:41   0:00   0:46 
Matt Read                1  0  1   1  0   2  1  0  2  0  0/0    16:01   2:51   0:00 
Michael Frolik           1  0  1   1  0   3  2  0  4  1  1/1    16:01   2:51   0:00 
Mikael Backlund          0  0  0   0  0   2  1  1  3  0  7/12   15:04   0:00   2:08 
Nick Spaling             0  1  1   1  0   1  0  0  2  0  1/1    14:55   0:00   2:00 
TJ Brodie                0  0  0   0  0   2  2  1  1  1  0/0    18:25   2:28   0:00 

3 Stars

1 - Jordan Staal (Cal)
2 - Mike Smith (Cal)
3 - Dougie Hamilton (Cal)

Power Play

Oilers - 1 on 3 Attempt(s) - 33.33%
Flames - 2 on 4 Attempt(s) - 50.00%

Penalty Kill

Oilers - 2 on 4 Attempt(s) - 50.00% - Score 0 goal in Penalty Kill
Flames - 2 on 3 Attempt(s) - 66.67% - Score 1 goal in Penalty Kill

Team Stat

Oilers - Hits : 21 - Faceoff Wins : 30 - Blocked Shots : 12 - Penalty Minutes : 8
Flames - Hits : 20 - Faceoff Wins : 29 - Blocked Shots : 10 - Penalty Minutes : 4

Official

Referees : Unknown
Linesman : Unknown

Game Notes

Alexander Edler is injured at 11:34 of 2nd period (Bruised Right Arm)
11:49 of 3rd period - Penalty Shot by Justin Faulk for Flames - Stopped by Roberto Luongo

Finance

Level 1 -- Attendance: 4096 (68.27%) -- Ticket Income $409,600
Level 2 -- Attendance: 3789 (75.78%) -- Ticket Income $227,340
Level 3 -- Attendance: 1332 (66.60%) -- Ticket Income $46,620
Level 4 -- Attendance: 2783 (69.58%) -- Ticket Income $55,660
Luxury Box -- Attendance: 718 (71.80%) -- Ticket Income $143,600
Game was played at the Pengrowth Saddledome'
Total Attendance: 12718 (70.66%)
Total Ticket Income: $882,820
Other Income: $432,582
Total Income: $1,315,402

Oilers

5 vs 5 Forward 
   Center                   Left Wing                Right Wing               Time % Phy DF OF 
 1 Nicklas Backstrom        Andrew Ladd              Shane Doan               35     0   1  4  
 2 David Desharnais         Nick Bonino              Alexander Semin          35     0   1  4  
 3 Vladimir Sobotka         Darren Helm              Mikkel Boedker           25     0   1  4  
 4 Nicklas Backstrom        Brayden Schenn           Ales Hemsky              5      0   2  3  

5 vs 5 Defense 
   Defense                  Defense                                           Time % Phy DF OF 
 1 Kimmo Timonen            Andrew MacDonald                                  40     1   4  0  
 2 Andrej Sekera            Alexander Edler                                   40     1   4  0  
 3 David Schlemko           Brayden McNabb                                    20     1   4  0  
 4 Kimmo Timonen            Andrew MacDonald                                  0      1   4  0  

PowerPlay Forward 
   Center                   Left Wing                Right Wing               Time % Phy DF OF 
 1 Nicklas Backstrom        Shane Doan               Alexander Semin          55     0   1  4  
 2 David Desharnais         Andrew Ladd              Mikkel Boedker           45     0   1  4  

PowerPlay Defense
   Defense                  Defense                                           Time % Phy DF OF 
 1 Kimmo Timonen            Nick Bonino                                       50     1   2  2  
 2 Andrej Sekera            Vladimir Sobotka                                  50     1   2  2  

Penalty Kill 4 Players Forward 
   Center                   Wing                     Time % Phy DF OF 
 1 Vladimir Sobotka         Andrew Ladd              55     0   4  1  
 2 Nick Bonino              Darren Helm              45     0   4  1  

Penalty Kill 4 Players Defense
   Defense                  Defense                  Time % Phy DF OF 
 1 Kimmo Timonen            Andrew MacDonald         50     1   4  0  
 2 Alexander Edler          Andrej Sekera            50     1   4  0  

Penalty Kill - 3 Players Forward 
   Forward                                           Time % Phy DF OF 
 1 Vladimir Sobotka                                  55     0   5  0  
 2 Darren Helm                                       45     0   5  0  

Penalty Kill - 3 Players Defense
   Defense                  Defense                  Time % Phy DF OF 
 1 Kimmo Timonen            Andrew MacDonald         50     1   4  0  
 2 Andrej Sekera            Alexander Edler          50     1   4  0  

4 vs 4 Forward 
   Center                   Wing                     Time % Phy DF OF 
 1 Nicklas Backstrom        Alexander Semin          60     0   1  4  
 2 David Desharnais         Mikkel Boedker           40     0   1  4  

4 vs 4 Defense
   Defense                  Defense                  Time % Phy DF OF 
 1 Kimmo Timonen            Andrew MacDonald         50     1   4  0  
 2 Alexander Edler          Andrej Sekera            50     1   4  0  

Last Minutes Offensive
   Center                   Left Wing                Right Wing               Defense                  Defense                  
   Nicklas Backstrom        Shane Doan               Alexander Semin          Kimmo Timonen            Andrej Sekera            

Last Minutes Defensive
   Center                   Left Wing                Right Wing               Defense                  Defense                  
   Vladimir Sobotka         Andrew Ladd              Darren Helm              Kimmo Timonen            Andrew MacDonald         

Goaltenders
Starting : Roberto Luongo           
Backup : Jean-Sebastien Giguere   

Extra Forwards
Normal : Shane Doan, Mikkel Boedker, David Desharnais - PP : Nicklas Backstrom, Alexander Semin - PK : Darren Helm
Extra Defensemen
Normal : Andrej Sekera, Kimmo Timonen, Andrew MacDonald - PP : Andrej Sekera - PK : Andrej Sekera, David Schlemko
Penalty Shots
David Desharnais, Nick Bonino, Andrew Ladd, Nicklas Backstrom, Ales Hemsky

Flames

5 vs 5 Forward 
   Center                   Left Wing                Right Wing               Time % Phy DF OF 
 1 Jason Spezza             Andrew Cogliano          Jason Pominville         30     1   2  2  
 2 Jordan Staal             Michael Frolik           Matt Read                25     1   2  2  
 3 Mikael Backlund          Nick Spaling             Matt Cooke               25     1   2  2  
 4 Aleksander Barkov        Manny Malhotra           Joe Colborne             20     1   2  2  

5 vs 5 Defense 
   Defense                  Defense                                           Time % Phy DF OF 
 1 Brian Campbell           Justin Faulk                                      36     1   2  2  
 2 TJ Brodie                Jacob Trouba                                      30     1   2  2  
 3 Barret Jackman           Dougie Hamilton                                   26     1   2  2  
 4 Brian Campbell           Jacob Trouba                                      8      1   2  2  

PowerPlay Forward 
   Center                   Left Wing                Right Wing               Time % Phy DF OF 
 1 Jason Spezza             Andrew Cogliano          Jason Pominville         50     0   0  5  
 2 Jordan Staal             Michael Frolik           Matt Read                50     0   0  5  

PowerPlay Defense
   Defense                  Defense                                           Time % Phy DF OF 
 1 Brian Campbell           Justin Faulk                                      50     0   0  5  
 2 TJ Brodie                Jacob Trouba                                      50     0   0  5  

Penalty Kill 4 Players Forward 
   Center                   Wing                     Time % Phy DF OF 
 1 Manny Malhotra           Nick Spaling             50     1   4  0  
 2 Mikael Backlund          Matt Cooke               50     1   4  0  

Penalty Kill 4 Players Defense
   Defense                  Defense                  Time % Phy DF OF 
 1 Dougie Hamilton          Justin Faulk             50     0   5  0  
 2 Barret Jackman           Jacob Trouba             50     1   4  0  

Penalty Kill - 3 Players Forward 
   Forward                                           Time % Phy DF OF 
 1 Manny Malhotra                                    50     0   5  0  
 2 Mikael Backlund                                   50     0   5  0  

Penalty Kill - 3 Players Defense
   Defense                  Defense                  Time % Phy DF OF 
 1 Dougie Hamilton          Justin Faulk             50     0   5  0  
 2 Barret Jackman           Jacob Trouba             50     0   5  0  

4 vs 4 Forward 
   Center                   Wing                     Time % Phy DF OF 
 1 Jordan Staal             Jason Pominville         50     1   2  2  
 2 Jason Spezza             Matt Read                50     1   2  2  

4 vs 4 Defense
   Defense                  Defense                  Time % Phy DF OF 
 1 Brian Campbell           Justin Faulk             50     1   2  2  
 2 TJ Brodie                Dougie Hamilton          50     1   2  2  

Last Minutes Offensive
   Center                   Left Wing                Right Wing               Defense                  Defense                  
   Jason Spezza             Matt Read                Jason Pominville         Brian Campbell           Justin Faulk             

Last Minutes Defensive
   Center                   Left Wing                Right Wing               Defense                  Defense                  
   Jordan Staal             Andrew Cogliano          Michael Frolik           TJ Brodie                Jacob Trouba             

Goaltenders
Starting : Mike Smith               
Backup : Al Montoya               

Extra Forwards
Normal : Mikael Backlund, Matt Cooke, Joe Colborne - PP : Mikael Backlund, Matt Cooke - PK : Nick Spaling
Extra Defensemen
Normal : Barret Jackman, Dougie Hamilton, TJ Brodie - PP : Dougie Hamilton - PK : TJ Brodie, Brian Campbell
Penalty Shots
Matt Read, Jason Pominville, Jason Spezza, Joe Colborne, Andrew Cogliano

% Time on Ice - Oilers

Lines # - Real PCT - Wanted PCT - Time Play
Normal Forward
1 - 26% - 35% - 13:03
2 - 30% - 35% - 15:27
3 - 29% - 25% - 14:35
4 - 16% - 5% - 7:56
Normal Defense
1 - 33% - 40% - 16:54
2 - 41% - 40% - 20:49
3 - 26% - 20% - 13:18
4 - 0% - 0% - 0:00
PP Forward
1 - 73% - 55% - 2:46
2 - 27% - 45% - 1:01
PP Defense
1 - 45% - 50% - 1:43
2 - 55% - 50% - 2:04
PK Forward
1 - 67% - 55% - 3:30
2 - 33% - 45% - 1:42
PK Defense
1 - 57% - 50% - 2:58
2 - 43% - 50% - 2:14
PK3 Forward
1 - 0% - 55%
2 - 0% - 45%
PK3 Defense
1 - 0% - 50%
2 - 0% - 50%
44 Forward
1 - 0% - 60%
2 - 0% - 40%
44 Defense
1 - 0% - 50%
2 - 0% - 50%
Last Minute Offensive  - 0:00
Last Minute Defensive  - 0:00
Total
Forward - 60:00
Defense - 60:00

% Time on Ice - Flames

Lines # - Real PCT - Wanted PCT - Time Play
Normal Forward
1 - 30% - 30% - 15:03
2 - 26% - 25% - 13:11
3 - 25% - 25% - 12:55
4 - 19% - 20% - 9:52
Normal Defense
1 - 37% - 36% - 19:03
2 - 32% - 30% - 16:06
3 - 28% - 26% - 14:32
4 - 3% - 8% - 1:20
PP Forward
1 - 45% - 50% - 2:21
2 - 55% - 50% - 2:51
PP Defense
1 - 53% - 50% - 2:44
2 - 47% - 50% - 2:28
PK Forward
1 - 44% - 50% - 1:39
2 - 56% - 50% - 2:08
PK Defense
1 - 56% - 50% - 2:06
2 - 44% - 50% - 1:41
PK3 Forward
1 - 0% - 50%
2 - 0% - 50%
PK3 Defense
1 - 0% - 50%
2 - 0% - 50%
44 Forward
1 - 0% - 50%
2 - 0% - 50%
44 Defense
1 - 0% - 50%
2 - 0% - 50%
Last Minute Offensive  - 0:00
Last Minute Defensive  - 0:00
Total
Forward - 60:00
Defense - 60:00

Play by Play

1st period


0:01 of 1st period - Nicklas Backstrom wins face-off versus Jason Spezza in neutral zone.
1:03 of 1st period - TJ Brodie is hit by Andrew MacDonald.
1:13 of 1st period - Michael Frolik is hit by Kimmo Timonen and loses puck.
2:03 of 1st period - Snap shot by Andrej Sekera.
2:03 of 1st period - Stopped by Mike Smith with a rebound.
2:05 of 1st period - Snap shot by Darren Helm.
2:05 of 1st period - Deflect By Vladimir Sobotka.
2:05 of 1st period - Shot Misses the Net.
2:05 of 1st period - Puck is out of play.
2:06 of 1st period - Nicklas Backstrom wins face-off versus Aleksander Barkov in Flames zone.
2:09 of 1st period - Backhand shot by Nicklas Backstrom.
2:09 of 1st period - Stopped by Mike Smith with a rebound.
3:00 of 1st period - Ales Hemsky is hit by Jacob Trouba and loses puck.
4:13 of 1st period - Slapshot by Alexander Semin.
4:13 of 1st period - Shot Misses the Net.
4:15 of 1st period - Slapshot by Andrew MacDonald.
4:15 of 1st period - Shot Blocked by Justin Faulk.
4:49 of 1st period - Snap shot by Nicklas Backstrom.
4:49 of 1st period - Shot Misses the Net.
5:15 of 1st period - Mikael Backlund is hit by Mikkel Boedker and loses puck.
5:24 of 1st period - Slapshot by Jacob Trouba.
5:24 of 1st period - Shot Misses the Net.
5:54 of 1st period - Snap shot by Michael Frolik.
5:54 of 1st period - Shot Hit the Post.
5:56 of 1st period - Slapshot by Barret Jackman.
5:56 of 1st period - Deflect By Andrej Sekera.
5:56 of 1st period - Stopped by Roberto Luongo with a rebound.
5:58 of 1st period - Slapshot by Dougie Hamilton.
5:58 of 1st period - Shot Misses the Net.
6:31 of 1st period - Slapshot by Alexander Semin.
6:31 of 1st period - Shot Blocked by Barret Jackman.
6:33 of 1st period - Slapshot by Andrew MacDonald.
6:33 of 1st period - Stopped by Mike Smith with a rebound.
6:47 of 1st period - Andrew Ladd is hit by Barret Jackman and loses puck.
7:28 of 1st period - Snap shot by Ales Hemsky.
7:28 of 1st period - Stopped by Mike Smith with a rebound.
7:50 of 1st period - Brayden McNabb is hit by TJ Brodie and loses puck.
8:07 of 1st period - Kimmo Timonen is hit by TJ Brodie and loses puck.
8:34 of 1st period - Snap shot by Brian Campbell.
8:34 of 1st period - Deflect By Ales Hemsky.
8:34 of 1st period - Stopped by Roberto Luongo with a rebound.
8:40 of 1st period - Minor Penalty to Brayden Schenn for Hooking.
8:41 of 1st period - Jordan Staal wins face-off versus Andrew Ladd in Oilers zone.
8:46 of 1st period - Wrist shot by Jordan Staal.
8:46 of 1st period - Stopped by Roberto Luongo without a rebound.
8:47 of 1st period - Jordan Staal wins face-off versus Vladimir Sobotka in Oilers zone.
8:50 of 1st period - Wrist shot by Jordan Staal.
8:50 of 1st period - Stopped by Roberto Luongo without a rebound.
8:51 of 1st period - Vladimir Sobotka wins face-off versus Jordan Staal in Oilers zone.
8:51 of 1st period - Vladimir Sobotka is hit by Jordan Staal.
9:31 of 1st period - Icing by Jason Pominville.
9:32 of 1st period - Nick Bonino wins face-off versus Jason Spezza in Flames zone.
9:56 of 1st period - Andrew MacDonald is hit by Jordan Staal and loses puck.
10:16 of 1st period - Andrew Ladd is hit by Andrew Cogliano and loses puck.
10:40 of 1st period - Penalty to Brayden Schenn is over, Brayden Schenn is back on ice.
10:52 of 1st period - Slapshot by Jacob Trouba.
10:52 of 1st period - Deflect By Nicklas Backstrom.
10:52 of 1st period - Stopped by Roberto Luongo without a rebound.
10:53 of 1st period - Nicklas Backstrom wins face-off versus Jordan Staal in Oilers zone.
11:12 of 1st period - Slapshot by Nicklas Backstrom.
11:12 of 1st period - Shot Hit the Post.
11:46 of 1st period - Slapshot by Mikael Backlund.
11:46 of 1st period - Stopped by Roberto Luongo with a rebound.
11:48 of 1st period - Slapshot by TJ Brodie.
11:48 of 1st period - Shot Blocked by Andrej Sekera.
11:50 of 1st period - Backhand shot by Jacob Trouba.
11:50 of 1st period - Stopped by Roberto Luongo with a rebound.
11:52 of 1st period - Slapshot by Jacob Trouba.
11:52 of 1st period - Stopped by Roberto Luongo with a rebound.
11:54 of 1st period - Slapshot by TJ Brodie.
11:54 of 1st period - Stopped by Roberto Luongo without a rebound.
11:55 of 1st period - Aleksander Barkov wins face-off versus Andrew Ladd in Oilers zone.
12:12 of 1st period - Slapshot by TJ Brodie.
12:12 of 1st period - Stopped by Roberto Luongo without a rebound.
12:13 of 1st period - Aleksander Barkov wins face-off versus Nicklas Backstrom in Oilers zone.
12:13 of 1st period - Brian Campbell is hit by Brayden McNabb and loses puck.
12:27 of 1st period - Snap shot by Aleksander Barkov.
12:27 of 1st period - Shot Blocked by Brayden McNabb.
13:04 of 1st period - Slapshot by David Desharnais.
13:04 of 1st period - Stopped by Mike Smith without a rebound.
13:05 of 1st period - Vladimir Sobotka wins face-off versus Jason Spezza in Flames zone.
13:06 of 1st period - Snap shot by Mikkel Boedker.
13:06 of 1st period - Shot Blocked by TJ Brodie.
13:48 of 1st period - Minor Penalty to Matt Cooke for Hooking.
13:49 of 1st period - Nicklas Backstrom wins face-off versus Mikael Backlund in Flames zone.
14:22 of 1st period - Justin Faulk is hit by Nicklas Backstrom and loses puck.
14:43 of 1st period - Dougie Hamilton is hit by David Desharnais and loses puck.
15:31 of 1st period - Vladimir Sobotka is hit by Mikael Backlund and loses puck.
15:36 of 1st period - Snap shot by Andrew Cogliano.
15:36 of 1st period - Shot Blocked by Andrej Sekera.
15:48 of 1st period - Penalty to Matt Cooke is over, Matt Cooke is back on ice.
16:22 of 1st period - Slapshot by Jacob Trouba.
16:22 of 1st period - Stopped by Roberto Luongo without a rebound.
16:23 of 1st period - Aleksander Barkov wins face-off versus Nicklas Backstrom in Oilers zone.
17:26 of 1st period - Snap shot by Nicklas Backstrom.
17:26 of 1st period - Stopped by Mike Smith without a rebound.
17:27 of 1st period - Nicklas Backstrom wins face-off versus Jordan Staal in Flames zone.
17:45 of 1st period - Minor Penalty to Vladimir Sobotka for Cross-checking.
17:46 of 1st period - Jordan Staal wins face-off versus Darren Helm in Oilers zone.
17:53 of 1st period - Snap shot by Michael Frolik.
17:53 of 1st period - Goal by Michael Frolik - Oilers : 0 - Flames : 1.
17:54 of 1st period - Mikael Backlund wins face-off versus Alexander Semin in neutral zone.
18:49 of 1st period - Snap shot by Mikkel Boedker.
18:49 of 1st period - Stopped by Mike Smith with a rebound.
19:05 of 1st period - Snap shot by Vladimir Sobotka.
19:05 of 1st period - Shot Blocked by Justin Faulk.
19:07 of 1st period - Wrist shot by Darren Helm.
19:07 of 1st period - Shot Misses the Net.
19:09 of 1st period - Slapshot by Kimmo Timonen.
19:09 of 1st period - Deflect By Mikkel Boedker.
19:09 of 1st period - Stopped by Mike Smith with a rebound.
19:13 of 1st period - Snap shot by Darren Helm.
19:13 of 1st period - Stopped by Mike Smith with a rebound.
19:15 of 1st period - Slapshot by Kimmo Timonen.
19:15 of 1st period - Shot Misses the Net.
19:46 of 1st period - Minor Penalty to Jordan Staal for Interference.
19:47 of 1st period - Nicklas Backstrom wins face-off versus Manny Malhotra in Flames zone.
Goals for this period are 0 for Oilers vs 1 for Flames.
Shots for this period are 9 for Oilers vs 12 for Flames.

2nd period


0:01 of 2nd period - Nicklas Backstrom wins face-off versus Manny Malhotra in neutral zone.
0:08 of 2nd period - Snap shot by Alexander Semin.
0:08 of 2nd period - Stopped by Mike Smith with a rebound.
0:31 of 2nd period - Wrist shot by Jacob Trouba.
0:31 of 2nd period - Deflect By Mikael Backlund.
0:31 of 2nd period - Stopped by Roberto Luongo with a rebound.
0:33 of 2nd period - Slapshot by Jacob Trouba.
0:33 of 2nd period - Stopped by Roberto Luongo without a rebound.
0:34 of 2nd period - Nick Spaling wins face-off versus David Desharnais in Oilers zone.
0:43 of 2nd period - Slapshot by Dougie Hamilton.
0:43 of 2nd period - Goal by Dougie Hamilton - Oilers : 0 - Flames : 2.
0:44 of 2nd period - Nicklas Backstrom wins face-off versus Manny Malhotra in neutral zone.
0:49 of 2nd period - Snap shot by Shane Doan.
0:49 of 2nd period - Shot Blocked by Manny Malhotra.
0:51 of 2nd period - Wrist shot by Alexander Semin.
0:51 of 2nd period - Shot Blocked by Jacob Trouba.
0:53 of 2nd period - Wrist shot by Shane Doan.
0:53 of 2nd period - Shot Misses the Net.
0:55 of 2nd period - Slapshot by Vladimir Sobotka.
0:55 of 2nd period - Stopped by Mike Smith with a rebound.
0:57 of 2nd period - Slapshot by Vladimir Sobotka.
0:57 of 2nd period - Shot Misses the Net.
0:59 of 2nd period - Slapshot by Andrej Sekera.
0:59 of 2nd period - Stopped by Mike Smith with a rebound.
1:01 of 2nd period - Snap shot by Vladimir Sobotka.
1:01 of 2nd period - Deflect By Nicklas Backstrom.
1:01 of 2nd period - Shot Blocked by Barret Jackman.
1:01 of 2nd period - Puck is out of play.
1:02 of 2nd period - Nicklas Backstrom wins face-off versus Manny Malhotra in Flames zone.
1:22 of 2nd period - Slapshot by Vladimir Sobotka.
1:22 of 2nd period - Deflect By Nicklas Backstrom.
1:22 of 2nd period - Shot Misses the Net.
1:22 of 2nd period - Puck is out of play.
1:23 of 2nd period - David Desharnais wins face-off versus Mikael Backlund in Flames zone.
1:32 of 2nd period - Slapshot by Mikkel Boedker.
1:32 of 2nd period - Stopped by Mike Smith with a rebound.
1:34 of 2nd period - Snap shot by Andrew Ladd.
1:34 of 2nd period - Goal by Andrew Ladd - Oilers : 1 - Flames : 2.
1:35 of 2nd period - Mikael Backlund wins face-off versus Shane Doan in neutral zone.
3:17 of 2nd period - Icing by Kimmo Timonen.
3:18 of 2nd period - Mikkel Boedker wins face-off versus Jason Pominville in Oilers zone.
3:25 of 2nd period - Snap shot by Darren Helm.
3:25 of 2nd period - Shot Misses the Net.
3:27 of 2nd period - Slapshot by Andrew MacDonald.
3:27 of 2nd period - Deflect By TJ Brodie.
3:27 of 2nd period - Stopped by Mike Smith without a rebound.
3:28 of 2nd period - Mikael Backlund wins face-off versus Nicklas Backstrom in Flames zone.
3:28 of 2nd period - Mikael Backlund is hit by Shane Doan.
3:40 of 2nd period - Wrist shot by Nicklas Backstrom.
3:40 of 2nd period - Deflect By Shane Doan.
3:40 of 2nd period - Stopped by Mike Smith with a rebound.
3:42 of 2nd period - Slapshot by Alexander Edler.
3:42 of 2nd period - Stopped by Mike Smith with a rebound.
3:44 of 2nd period - Slapshot by Andrej Sekera.
3:44 of 2nd period - Shot Blocked by Barret Jackman.
3:46 of 2nd period - Backhand shot by Nicklas Backstrom.
3:46 of 2nd period - Deflect By Shane Doan.
3:46 of 2nd period - Shot Misses the Net.
3:46 of 2nd period - Puck is out of play.
3:47 of 2nd period - Mikael Backlund wins face-off versus Nicklas Backstrom in Flames zone.
4:04 of 2nd period - Dougie Hamilton is hit by Alexander Edler and loses puck.
4:36 of 2nd period - Icing by Barret Jackman.
4:37 of 2nd period - Jason Spezza wins face-off versus David Desharnais in Flames zone.
4:52 of 2nd period - TJ Brodie is hit by Nick Bonino.
4:56 of 2nd period - Wrist shot by Jason Spezza.
4:56 of 2nd period - Stopped by Roberto Luongo without a rebound.
4:57 of 2nd period - Jordan Staal wins face-off versus Vladimir Sobotka in Oilers zone.
5:02 of 2nd period - Slapshot by Jordan Staal.
5:02 of 2nd period - Stopped by Roberto Luongo without a rebound.
5:03 of 2nd period - Jordan Staal wins face-off versus Vladimir Sobotka in Oilers zone.
5:58 of 2nd period - Andrew MacDonald is hit by Jason Spezza and loses puck.
6:09 of 2nd period - Andrew Cogliano is hit by Kimmo Timonen and loses puck.
6:33 of 2nd period - Minor Penalty to Andrew MacDonald for Interference.
6:34 of 2nd period - Vladimir Sobotka wins face-off versus Jordan Staal in Oilers zone.
6:34 of 2nd period - Vladimir Sobotka is hit by Jordan Staal.
6:39 of 2nd period - Slapshot by Alexander Edler.
6:39 of 2nd period - Stopped by Mike Smith with a rebound.
7:21 of 2nd period - Wrist shot by Jason Pominville.
7:21 of 2nd period - Shot Misses the Net.
7:37 of 2nd period - Backhand shot by Brian Campbell.
7:37 of 2nd period - Shot Misses the Net.
7:39 of 2nd period - Snap shot by Jordan Staal.
7:39 of 2nd period - Goal by Jordan Staal - Oilers : 1 - Flames : 3.
7:40 of 2nd period - Mikael Backlund wins face-off versus David Desharnais in neutral zone.
7:45 of 2nd period - Slapshot by Dougie Hamilton.
7:45 of 2nd period - Shot Blocked by Kimmo Timonen.
7:47 of 2nd period - Snap shot by Matt Cooke.
7:47 of 2nd period - Stopped by Roberto Luongo with a rebound.
8:05 of 2nd period - Wrist shot by Nick Spaling.
8:05 of 2nd period - Deflect By Matt Cooke.
8:05 of 2nd period - Stopped by Roberto Luongo with a rebound.
8:07 of 2nd period - Snap shot by Nick Spaling.
8:07 of 2nd period - Shot Misses the Net.
8:13 of 2nd period - Wrist shot by Nick Spaling.
8:13 of 2nd period - Stopped by Roberto Luongo without a rebound.
8:14 of 2nd period - Aleksander Barkov wins face-off versus Nicklas Backstrom in Oilers zone.
8:19 of 2nd period - Snap shot by Joe Colborne.
8:19 of 2nd period - Stopped by Roberto Luongo without a rebound.
8:20 of 2nd period - Nicklas Backstrom wins face-off versus Aleksander Barkov in Oilers zone.
10:27 of 2nd period - Slapshot by Vladimir Sobotka.
10:27 of 2nd period - Shot Misses the Net.
10:29 of 2nd period - Snap shot by Darren Helm.
10:29 of 2nd period - Shot Misses the Net.
10:31 of 2nd period - Slapshot by David Schlemko.
10:31 of 2nd period - Stopped by Mike Smith without a rebound.
10:32 of 2nd period - Nicklas Backstrom wins face-off versus Jordan Staal in Flames zone.
10:41 of 2nd period - David Schlemko is hit by Matt Read and loses puck.
11:20 of 2nd period - Brian Campbell is hit by Vladimir Sobotka.
11:33 of 2nd period - Alexander Edler is hit by Joe Colborne.
11:34 of 2nd period - Alexander Edler from Oilers is injured at 11:34 of 2nd period (Bruised Right Arm).
11:35 of 2nd period - Jason Spezza wins face-off versus Nicklas Backstrom in Oilers zone.
12:16 of 2nd period - Jacob Trouba is hit by Andrew Ladd and loses puck.
12:33 of 2nd period - Alexander Semin is hit by Brian Campbell and loses puck.
12:41 of 2nd period - Icing by Andrej Sekera.
12:42 of 2nd period - David Desharnais wins face-off versus Matt Cooke in Oilers zone.
12:47 of 2nd period - Brian Campbell is hit by Andrej Sekera.
13:29 of 2nd period - Backhand shot by Justin Faulk.
13:29 of 2nd period - Stopped by Roberto Luongo with a rebound.
13:33 of 2nd period - Wrist shot by Michael Frolik.
13:33 of 2nd period - Shot Misses the Net.
13:35 of 2nd period - Snap shot by Brian Campbell.
13:35 of 2nd period - Shot Blocked by David Schlemko.
13:37 of 2nd period - Snap shot by Brian Campbell.
13:37 of 2nd period - Shot Misses the Net.
13:39 of 2nd period - Slapshot by Justin Faulk.
13:39 of 2nd period - Shot Misses the Net.
13:41 of 2nd period - Slapshot by Matt Read.
13:41 of 2nd period - Shot Misses the Net.
13:55 of 2nd period - Slapshot by Matt Read.
13:55 of 2nd period - Shot Misses the Net.
14:37 of 2nd period - Icing by Joe Colborne.
14:38 of 2nd period - Aleksander Barkov wins face-off versus Nick Bonino in Flames zone.
15:10 of 2nd period - Wrist shot by Jason Pominville.
15:10 of 2nd period - Shot Misses the Net.
15:46 of 2nd period - Snap shot by Nicklas Backstrom.
15:46 of 2nd period - Shot Misses the Net.
15:48 of 2nd period - Snap shot by Nicklas Backstrom.
15:48 of 2nd period - Shot Misses the Net.
15:58 of 2nd period - Vladimir Sobotka is hit by Matt Cooke and loses puck.
16:05 of 2nd period - Snap shot by Matt Cooke.
16:05 of 2nd period - Shot Blocked by Andrej Sekera.
16:07 of 2nd period - Snap shot by Dougie Hamilton.
16:07 of 2nd period - Stopped by Roberto Luongo without a rebound.
16:08 of 2nd period - Michael Frolik wins face-off versus Vladimir Sobotka in Oilers zone.
16:09 of 2nd period - Snap shot by Matt Read.
16:09 of 2nd period - Stopped by Roberto Luongo with a rebound.
16:11 of 2nd period - Snap shot by Barret Jackman.
16:11 of 2nd period - Shot Blocked by Mikkel Boedker.
16:13 of 2nd period - Slapshot by Dougie Hamilton.
16:13 of 2nd period - Shot Misses the Net.
16:15 of 2nd period - Snap shot by Michael Frolik.
16:15 of 2nd period - Shot Blocked by Andrew MacDonald.
16:33 of 2nd period - Wrist shot by Michael Frolik.
16:33 of 2nd period - Stopped by Roberto Luongo without a rebound.
16:34 of 2nd period - Aleksander Barkov wins face-off versus Alexander Semin in Oilers zone.
16:47 of 2nd period - Off-side.
16:48 of 2nd period - David Desharnais wins face-off versus Aleksander Barkov in neutral zone.
16:50 of 2nd period - Minor Penalty to Alexander Semin for High sticking.
16:51 of 2nd period - Vladimir Sobotka wins face-off versus Andrew Cogliano in Oilers zone.
17:06 of 2nd period - Icing by Jacob Trouba.
17:07 of 2nd period - Vladimir Sobotka wins face-off versus Jason Spezza in Flames zone.
17:14 of 2nd period - Snap shot by Andrew Ladd.
17:14 of 2nd period - Shot Misses the Net.
18:23 of 2nd period - Backhand shot by Jordan Staal.
18:23 of 2nd period - Shot Hit the Post.
18:50 of 2nd period - Penalty to Alexander Semin is over, Alexander Semin is back on ice.
18:51 of 2nd period - Andrew Ladd is hit by Justin Faulk and loses puck.
18:55 of 2nd period - Icing by Kimmo Timonen.
18:56 of 2nd period - Vladimir Sobotka wins face-off versus Jordan Staal in Oilers zone.
19:46 of 2nd period - Icing by Nick Spaling.
19:47 of 2nd period - David Desharnais wins face-off versus Mikael Backlund in Flames zone.
19:50 of 2nd period - Snap shot by Alexander Semin.
19:50 of 2nd period - Shot Blocked by Mikael Backlund.
19:52 of 2nd period - Snap shot by Andrej Sekera.
19:52 of 2nd period - Deflect By Mikael Backlund.
19:52 of 2nd period - Stopped by Mike Smith without a rebound.
19:53 of 2nd period - David Desharnais wins face-off versus Jason Spezza in Flames zone.
Goals for this period are 1 for Oilers vs 2 for Flames.
Shots for this period are 11 for Oilers vs 14 for Flames.

3rd period


0:01 of 3rd period - Jason Spezza wins face-off versus Nicklas Backstrom in neutral zone.
0:06 of 3rd period - Slapshot by Jason Spezza.
0:06 of 3rd period - Shot Misses the Net.
0:08 of 3rd period - Snap shot by Brian Campbell.
0:08 of 3rd period - Deflect By Kimmo Timonen.
0:08 of 3rd period - Stopped by Roberto Luongo without a rebound.
0:09 of 3rd period - Nicklas Backstrom wins face-off versus Jason Spezza in Oilers zone.
2:14 of 3rd period - Justin Faulk is hit by Darren Helm.
2:35 of 3rd period - Slapshot by Mikael Backlund.
2:35 of 3rd period - Shot Blocked by Brayden McNabb.
3:05 of 3rd period - Snap shot by Jason Spezza.
3:05 of 3rd period - Shot Misses the Net.
3:07 of 3rd period - Snap shot by Jason Pominville.
3:07 of 3rd period - Stopped by Roberto Luongo without a rebound.
3:08 of 3rd period - Jason Spezza wins face-off versus David Desharnais in Oilers zone.
3:44 of 3rd period - Andrej Sekera is hit by Andrew Cogliano.
4:59 of 3rd period - Snap shot by Joe Colborne.
4:59 of 3rd period - Stopped by Roberto Luongo without a rebound.
5:00 of 3rd period - Mikael Backlund wins face-off versus Darren Helm in Oilers zone.
5:23 of 3rd period - Wrist shot by Mikkel Boedker.
5:23 of 3rd period - Stopped by Mike Smith without a rebound.
5:24 of 3rd period - Jason Spezza wins face-off versus Nick Bonino in Flames zone.
6:52 of 3rd period - Off-side.
6:53 of 3rd period - Nicklas Backstrom wins face-off versus Mikael Backlund in neutral zone.
7:00 of 3rd period - Nick Spaling is hit by Shane Doan and loses puck.
8:10 of 3rd period - Backhand shot by Justin Faulk.
8:10 of 3rd period - Deflect By Joe Colborne.
8:10 of 3rd period - Shot Misses the Net.
8:10 of 3rd period - Puck is out of play.
8:11 of 3rd period - Jason Spezza wins face-off versus Mikkel Boedker in Oilers zone.
8:18 of 3rd period - Snap shot by Jason Pominville.
8:18 of 3rd period - Shot Misses the Net.
9:34 of 3rd period - Snap shot by Alexander Semin.
9:34 of 3rd period - Stopped by Mike Smith without a rebound.
9:35 of 3rd period - Jordan Staal wins face-off versus David Desharnais in Flames zone.
9:44 of 3rd period - Andrew MacDonald is hit by Michael Frolik and loses puck.
10:22 of 3rd period - Off-side.
10:23 of 3rd period - Vladimir Sobotka wins face-off versus Aleksander Barkov in neutral zone.
10:48 of 3rd period - Barret Jackman is hit by Vladimir Sobotka and loses puck.
10:55 of 3rd period - Andrej Sekera is hit by Joe Colborne and loses puck.
11:04 of 3rd period - Justin Faulk is hit by Darren Helm and loses puck.
11:41 of 3rd period - Slapshot by Shane Doan.
11:41 of 3rd period - Stopped by Mike Smith with a rebound.
11:43 of 3rd period - Slapshot by Brayden McNabb.
11:43 of 3rd period - Stopped by Mike Smith with a rebound.
11:49 of 3rd period - Penalty Shot by Justin Faulk for Flames.
11:49 of 3rd period - Backhand shot by Justin Faulk.
11:49 of 3rd period - Stopped by Roberto Luongo.
11:50 of 3rd period - Nicklas Backstrom wins face-off versus Mikael Backlund in Flames zone.
11:53 of 3rd period - Snap shot by Nicklas Backstrom.
11:53 of 3rd period - Stopped by Mike Smith with a rebound.
12:40 of 3rd period - Wrist shot by Matt Read.
12:40 of 3rd period - Shot Misses the Net.
12:42 of 3rd period - Slapshot by Barret Jackman.
12:42 of 3rd period - Shot Misses the Net.
12:44 of 3rd period - Snap shot by Jordan Staal.
12:44 of 3rd period - Shot Blocked by Brayden Schenn.
12:58 of 3rd period - Snap shot by Jordan Staal.
12:58 of 3rd period - Stopped by Roberto Luongo with a rebound.
13:00 of 3rd period - Slapshot by Barret Jackman.
13:00 of 3rd period - Shot Blocked by Andrej Sekera.
13:02 of 3rd period - Wrist shot by Matt Read.
13:02 of 3rd period - Goal by Matt Read - Oilers : 1 - Flames : 4.
13:03 of 3rd period - David Desharnais wins face-off versus Jason Spezza in neutral zone.
13:16 of 3rd period - David Schlemko is hit by Jason Pominville and loses puck.
13:58 of 3rd period - Darren Helm is hit by Michael Frolik and loses puck.
14:07 of 3rd period - Snap shot by Michael Frolik.
14:07 of 3rd period - Stopped by Roberto Luongo without a rebound.
14:08 of 3rd period - Mikael Backlund wins face-off versus Vladimir Sobotka in Oilers zone.
15:05 of 3rd period - Snap shot by Aleksander Barkov.
15:05 of 3rd period - Stopped by Roberto Luongo with a rebound.
15:37 of 3rd period - TJ Brodie is hit by Vladimir Sobotka and loses puck.
15:46 of 3rd period - Wrist shot by Jason Pominville.
15:46 of 3rd period - Stopped by Roberto Luongo with a rebound.
15:48 of 3rd period - Snap shot by Jacob Trouba.
15:48 of 3rd period - Stopped by Roberto Luongo with a rebound.
15:50 of 3rd period - Slapshot by Jacob Trouba.
15:50 of 3rd period - Stopped by Roberto Luongo with a rebound.
15:52 of 3rd period - Slapshot by Barret Jackman.
15:52 of 3rd period - Shot Misses the Net.
16:27 of 3rd period - Wrist shot by Michael Frolik.
16:27 of 3rd period - Deflect By Matt Read.
16:27 of 3rd period - Shot Misses the Net.
16:27 of 3rd period - Puck is out of play.
16:28 of 3rd period - Jordan Staal wins face-off versus David Desharnais in Oilers zone.
17:16 of 3rd period - Slapshot by Brian Campbell.
17:16 of 3rd period - Shot Misses the Net.
17:18 of 3rd period - Wrist shot by Mikael Backlund.
17:18 of 3rd period - Shot Blocked by Andrew Ladd.
17:20 of 3rd period - Wrist shot by Matt Cooke.
17:20 of 3rd period - Shot Misses the Net.
17:39 of 3rd period - TJ Brodie is hit by Nicklas Backstrom and loses puck.
17:46 of 3rd period - Nick Spaling is hit by Shane Doan and loses puck.
18:03 of 3rd period - Slapshot by Brayden Schenn.
18:03 of 3rd period - Shot Misses the Net.
18:05 of 3rd period - Snap shot by Nicklas Backstrom.
18:05 of 3rd period - Stopped by Mike Smith with a rebound.
18:11 of 3rd period - Snap shot by Nicklas Backstrom.
18:11 of 3rd period - Deflect By Brayden Schenn.
18:11 of 3rd period - Shot Misses the Net.
18:11 of 3rd period - Puck is out of play.
18:12 of 3rd period - Andrew Cogliano wins face-off versus David Desharnais in Flames zone.
18:25 of 3rd period - TJ Brodie is hit by Alexander Semin and loses puck.
18:36 of 3rd period - Snap shot by Jason Pominville.
18:36 of 3rd period - Stopped by Roberto Luongo without a rebound.
18:37 of 3rd period - Nicklas Backstrom wins face-off versus Jordan Staal in Oilers zone.
18:42 of 3rd period - Snap shot by Shane Doan.
18:42 of 3rd period - Shot Misses the Net.
18:44 of 3rd period - Wrist shot by Nicklas Backstrom.
18:44 of 3rd period - Stopped by Mike Smith with a rebound.
18:46 of 3rd period - Snap shot by Shane Doan.
18:46 of 3rd period - Shot Blocked by Brian Campbell.
18:48 of 3rd period - Slapshot by Andrew MacDonald.
18:48 of 3rd period - Shot Misses the Net.
18:50 of 3rd period - Slapshot by Andrew MacDonald.
18:50 of 3rd period - Shot Misses the Net.
18:52 of 3rd period - Slapshot by Andrej Sekera.
18:52 of 3rd period - Deflect By Andrew Ladd.
18:52 of 3rd period - Stopped by Mike Smith with a rebound.
Goals for this period are 0 for Oilers vs 1 for Flames.
Shots for this period are 8 for Oilers vs 11 for Flames.


Output by the SimonT Hockey Simulator (STHS) for Eric Dolegowski -- Original Page W3C XHTML 1.0 Valid
Hockey Simulator - Hockey Simulation - Hockey Manager